 Dungeon Crawl Stone Soup version 0.31-a0-1042-ga9834b393d (webtiles) character file.

Game seed: 4833915322374282732

5782 Maratek the Grappler (level 10, -7/102 HPs)
             Began as a Troll Fighter on Nov 20, 2023.
             Was a Follower of the Shining One.
             Killed by divine providence
             ... invoked by an orc priest
              (13 damage)
             ... on level 11 of the Dungeon.
             The game lasted 00:13:36 (7472 turns).

Maratek the Grappler (Troll Fighter)                Turns: 7472, Time: 00:13:37

Health: -7/102     AC: 10    Str: 32    XL:     10   Next: 50%
Magic:  9/9        EV: 10    Int:  4    God:    the Shining One [*.....]
Gold:   745        SH: 12    Dex:  9    Spells: 9/9 levels left

rFire   . .          .
                       - Unarmed
rCold   . . .        b - +3 kite shield
rNeg    . . .        u - +0 steam dragon scales of the Fiddle {Will++ Str+2}
rPois   .            (helmet restricted)
rElec   .            q - +2 cloak
rCorr   +            (gloves unavailable)
SInv    +            (boots unavailable)
Will    ++...        (no amulet)
Stlth   +            e - ring of see invisible
HPRegen 1.17/turn    A - ring of resist corrosion
MPRegen 0.11/turn

%: no passive effects
@: lethally poisoned (-7 -> -14), slowed, glowing, very slow
A: large, unfitting armour, claws 3, regeneration 1, shaggy fur 1, tough skin 1
a: Renounce Religion, Divine Shield


You were on level 11 of the Dungeon.
You worshipped the Shining One.
The Shining One was aware of your devotion.
You visited 2 branches of the dungeon, and saw 12 of its levels.
You also visited: Bailey.

You collected 1462 gold pieces.
You spent 717 gold pieces at shops.

Inventory:

Missiles
 B - 3 large rocks (quivered)
Armour
 b - a +3 kite shield (worn)
 q - a +2 cloak (worn)
 u - the +0 steam dragon scales of the Fiddle (worn) {Will++ Str+2}
   (You bought it in a shop on level 5 of the Dungeon)

   Str+2:     It affects your strength (+2).
   Will++:    It greatly increases your willpower.
Jewellery
 e - a ring of see invisible (left claw)
 g - a ring of wizardry
 A - a ring of resist corrosion (right claw)
Wands
 c - a wand of iceblast (5)
 h - a wand of flame (18)
 l - a wand of mindburst (28)
 y - a wand of paralysis (8)
Scrolls
 a - a scroll of poison
 f - a scroll of butterflies
 i - 6 scrolls of teleportation
 m - a scroll of brand weapon
 p - 2 scrolls of torment
 z - a scroll of enchant weapon
Potions
 d - a potion of attraction
 j - 2 potions of brilliance {unknown}
 k - a potion of curing {unknown}
 n - a potion of degeneration {unknown}
 o - a potion of haste {unknown}
 r - 4 potions of heal wounds {unknown}
 t - a potion of cancellation {unknown}
 v - a potion of enlightenment {unknown}


   Skills:
 + Level 7.1 Fighting
 + Level 7.1 Dodging
 + Level 7.8 Shields
 + Level 8.2 Unarmed Combat


You had 9 spell levels left.
You didn't know any spells.
Your spell library contained the following spells:

 Spells                   Type           Power      Damage    Failure   Level
 Freeze                   Ice            0%         1d3       67%         1
 Magic Dart               Conj           0%         1d3       67%         1
 Shock                    Conj/Air       0%         1d3       67%         1
 Slow                     Hex            0%         N/A       67%         1
 Call Imp                 Summ           0%         N/A       80%         2
 Sublimation of Blood     Necr           0%         N/A       80%         2
 Call Canine Familiar     Summ           0%         N/A       95%         3
 Confusing Touch          Hex            0%         N/A       95%         3
 Dazzling Flash           Conj/Hex       0%         N/A       95%         3
 Frozen Ramparts          Ice            0%         1d1       95%         3
 Gell's Gravitas          Tloc           0%         N/A       95%         3
 Hailstorm                Conj/Ice       0%         3d3       95%         3
 Inner Flame              Hex/Fire       0%         N/A       95%         3
 Mephitic Cloud           Conj/Pois/Air  0%         N/A       95%         3
 Sigil of Binding         Hex            0%         N/A       95%         3
 Swiftness                Air            0%         N/A       95%         3
 Teleport Other           Tloc           0%         N/A       95%         3
 Vampiric Draining        Necr           0%         2d6       95%         3
 Volatile Blastmotes      Fire/Tloc      0%         2d10      95%         3
 Airstrike                Air            0%         2d(0-16)  100%        4
 Dimensional Bullseye     Hex/Tloc       0%         N/A       100%        4
 Leda's Liquefaction      Hex/Erth       0%         N/A       100%        4
 Petrify                  Tmut/Erth      0%         N/A       100%        4
 Irradiate                Conj/Tmut      0%         3d11      100%        5
 Yara's Violent Unravell  Hex/Tmut       0%         3d3       100%        5
 Dispersal                Tloc           0%         N/A       100%        6
 Starburst                Conj/Fire      0%         6d3       100%        6
 Enfeeble                 Hex            0%         N/A       100%        7
 Maxwell's Capacitive Co  Air            0%         ∞         100%        8


Dungeon Overview and Level Annotations

Branches:
Dungeon (11/15)            Temple (1/1) D:5             Orc (0/2) D:9
 Bailey (visited)
   Lair: D:8-11

Altars:
Ashenzari
Cheibriados
Dithmenos
Elyvilon
Fedhas
Gozag
Hepliaklqana
Kikubaaqudgha
Makhleb
Nemelex Xobeh
Okawaru
Qazlal
Ru
Sif Muna
Trog
Uskayaw
Vehumet
Wu Jian
Xom
Yredelemnul
Zin
The Shining One

Shops:
D:5 :[   D:7 :   D:9 [

Annotations:
D:3 2 transporters, kae's ghost, weakling DsEn
D:7 2 transporters, Dirtsage's ghost, novice DsBe


Innate Abilities, Weirdness & Mutations

You are too large for most types of armour.
You have claws for hands.
Your natural rate of healing is unusually fast.
You are covered in fur. (AC +1)
You have tough skin. (AC +1)


Message History

You scratch the shadow but do no damage.
The shadow is severely damaged.
You feel very sick. The hornet stings you.
You are more poisoned.
You suddenly lose the ability to move!
The shadow hits you.
The orc priest invokes the aid of Beogh against you.
Beogh smites you! The hornet stings you.
* * * LOW HITPOINT WARNING * * *
You are more poisoned.
You feel as though you will be slow longer.
The shadow hits you.
* * * LOW HITPOINT WARNING * * *
The orc wizard hits you but does no damage.
The orc priest hits you but does no damage.
You can move again.
You are too injured to fight recklessly!
Unknown command.
You are too injured to fight recklessly!
Unknown command.
As you read the scroll of teleportation, it crumbles to dust.
You feel strangely unstable.
* * * LOW HITPOINT WARNING * * *
You feel extremely sick. The hornet stings you!
* * * LOW HITPOINT WARNING * * *
You feel as though you will be slow longer.
You block the hornet's attack. The orc wizard barely misses you.
The shadow closely misses you. The orc priest completely misses you.
The orc priest hits you but does no damage.
The hornet stings you but does no damage.
Your surroundings seem slightly different.
* * * LOW HITPOINT WARNING * * *
You feel extremely sick.
The orc wizard gestures wildly while chanting.
The orc wizard flickers and vanishes for a moment.
The orc priest looks encouraged for a moment.
The orc priest invokes the aid of Beogh against you.
Beogh smites you!
You die...

#........# ...... #........##
...... #.........##
......###..........# ###
............$...#..###.#
.......###..........<..#
.......#.#........#.....
............o.....#.##..
.......@.oo..§.<.>.....#
......./.oWy......###..#
.........o.........#####
..##................#
...........##......#........##
.................###..#....##
.................. ##.#.....#
................# .....#...
..........


You could see a hornet, a shadow, 2 orc priests, 2 orc wizards and an orc.

Vanquished Creatures
  A two-headed ogre (D:9)
  A cyclops (D:9)
  A troll (D:9)
  Grinder (D:3)
  A wraith (D:9)
  7 yaks (D:10)
  2 wyverns
  A shadow (D:11)
  4 steam dragons
  2 vampire mosquitoes
  A sky beast (D:8)
  6 orc warriors
  An ogre (D:4)
  3 centaurs
  A phantom (D:7)
  A bullfrog (D:7)
  A killer bee (D:9)
  3 hounds
  2 orc priests (D:9)
  2 gnoll boudas (D:7)
  3 iguanas
  11 orc wizards
  A sleepcap (D:7)
  13 gnolls
  8 adders
  A shadow imp (D:5)
  2 ufetubi (D:6)
  A worm (D:2)
  2 dart slugs
  34 orcs
  A bat (D:3)
  3 endoplasms
  A giant cockroach (D:1)
  5 hobgoblins
  4 jackals (D:2)
  5 quokkas
  2 ball pythons
  3 frilled lizards
  6 goblins
  5 kobolds
  2 rats
155 creatures vanquished.

Vanquished Creatures (others)
  2 orcs (D:9)
2 creatures vanquished.

Grand Total: 157 creatures vanquished

Notes
Turn   | Place    | Note
-------+----------+-------------------------------------------
     0 | D:1      | Maratek the Troll Fighter began the quest for the Orb.
     0 | D:1      | Reached XP level 1. HP: 22/22 MP: 0/0
   277 | D:1      | Reached XP level 2. HP: 29/29 MP: 1/1
   548 | D:2      | Reached XP level 3. HP: 36/36 MP: 2/2
   892 | D:3      | Reached XP level 4. HP: 44/44 MP: 3/3
   924 | D:3      | Found a hazy altar of Hepliaklqana.
   926 | D:3      | Found a basalt altar of Yredelemnul.
  1198 | D:3      | Noticed Grinder
  1200 | D:3      | Paralysed by Grinder for 4 turns
  1215 | D:3      | Killed Grinder
  1216 | D:3      | Reached skill level 3 in Unarmed Combat
  1216 | D:3      | Reached XP level 5. HP: 13/53 MP: 4/4
  1216 | D:3      | Reached XP level 6. HP: 15/61 MP: 5/5
  1418 | D:3      | Found a transporter.
  1418 | D:3      | Found a transporter.
  1419 | D:3      | Noticed kae's ghost (weakling DsEn)
  2366 | D:5      | Entered Level 5 of the Dungeon
  2453 | D:5      | Found a staircase to the Ecumenical Temple.
  2475 | D:5      | Found Qirapagg's Book Boutique.
  2476 | D:5      | Found Plog's Armour Emporium.
  2499 | D:5      | Found a stormy altar of Qazlal.
  2523 | D:5      | Reached skill level 4 in Unarmed Combat
  2693 | D:5      | Reached XP level 7. HP: 52/68 MP: 6/6
  3387 | D:6      | Found an ornate altar of the Wu Jian Council.
  3722 | D:7      | Found a sacrificial altar of Ru.
  3725 | D:7      | Found a sparkling altar of Nemelex Xobeh.
  3729 | D:7      | Found a shimmering altar of Xom.
  3901 | D:7      | Noticed Dirtsage's ghost (novice DsBe)
  3904 | D:7      | Noticed a queen bee
  3987 | D:7      | Found Leeclun's Tremendous Tomes.
  4027 | D:7      | Reached skill level 5 in Shields
  4027 | D:7      | Reached XP level 8. HP: 57/79 MP: 7/7
  4029 | D:7      | Reached skill level 5 in Unarmed Combat
  4174 | D:7      | Found a transporter.
  4179 | D:7      | Found a transporter.
  4483 | D:7      | Identified a scroll of acquirement
  4483 | D:7      | Acquired 982 gold pieces
  4604 | D:5      | Bought the +0 steam dragon scales of the Fiddle {Will++
                  | Str+2} for 717 gold pieces
  4646 | Temple   | Entered the Ecumenical Temple
  4657 | Temple   | Became a worshipper of the Shining One
  5039 | D:8      | Reached skill level 5 in Fighting
  5039 | D:8      | Reached skill level 5 in Dodging
  5106 | D:8      | Found a flagged portal.
  5115 | Bailey   | Entered a bailey
  5208 | Bailey   | Noticed an orc knight
  5208 | Bailey   | Noticed an orc knight
  5223 | Bailey   | HP: 1/80 [orc knight/+0 halberd (32)]
  5238 | Bailey   | Noticed an orc knight
  5711 | D:9      | Reached skill level 6 in Unarmed Combat
  5726 | D:9      | Reached XP level 9. HP: 41/88 MP: 8/8
  5735 | D:9      | Identified the +4 dagger "Dasm" {antimagic, rElec rN+}
  5819 | D:9      | Noticed a cyclops
  5835 | D:9      | Killed a cyclops
  5907 | D:9      | Noticed a troll
  5912 | D:9      | Killed a troll
  5999 | D:9      | Noticed a two-headed ogre
  6004 | D:9      | Killed a two-headed ogre
  6005 | D:9      | Reached skill level 7 in Unarmed Combat
  6053 | D:9      | Found Fat-Frumos's Dragon-Slaying Spoils.
  6196 | D:9      | Found a shimmering blue altar of Sif Muna.
  6252 | D:9      | Reached * piety under the Shining One
  6292 | D:9      | Reached XP level 10. HP: 20/100 MP: 9/9
  6391 | D:9      | Found a staircase to the Orcish Mines.
  6422 | D:10     | Entered Level 10 of the Dungeon
  7001 | D:10     | Identified the +10 quarterstaff of Attainder {protect,
                  | Int-3 Dex+4 Stlth+}
  7335 | D:11     | Noticed a manticore
  7339 | D:11     | Reached skill level 8 in Unarmed Combat
  7470 | D:11     | Paralysed by a hornet for 1 turns
  7472 | D:11     | Killed from afar by an orc priest

Illustrated notes

Levels and vault maps discovered:
D:1:      minmay_arrival_doors, layout_rooms
D:2:      layout_basic
D:3:      layout_basic, nicolae_overflow_squiral, gammafunk_ghost_smash,
          uniq_grinder
D:4:      layout_basic, serial_bayou_crossing
D:5:      layout_basic, nicolae_qazlal_general_emergency,
          minmay_temple_entry_purple_smoke, nicolae_wooded_promenade
D:6:      layout_loops_ring, nzn_wu_jian_contemplation
D:7:      layout_loops_ring, minitemple, gammafunk_ghost_hive,
          nicolae_shop_i_like_big_books,
          serial_library_regret_index_branch_corner
D:8:      layout_loops_ring, enter_bailey_8
D:9:      layout_cross, kennysheep_orc_sif_temple, erik_lair_dragon,
          david_orc_4, solitary_fountain, nicolae_shop_dragon_depot
D:10:     layout_stronghold
D:11:     layout_cave_pools, minmay_lindwurm_lava, uniq_harold
Temple:   compressed_dpeg_circular_temple

Skill      XL: |  1  2  3  4  5  6  7  8  9 10 |
---------------+-------------------------------+-----
Shields        | 3 4 5 6 7 |  7.8
Fighting       | 3 4 5 6 7 |  7.1
Dodging        | 3 4 5 6 7 |  7.1
Unarmed Combat | 3 4 6 7 8 |  8.2

Action                     |  1- 3 |  4- 6 |  7- 9 | 10-12 || total
---------------------------+-------+-------+-------+-------++-------
  Melee: Unarmed           |    88 |    85 |   253 |    63 ||   489
  Throw: Large rock        |       |       |    10 |     3 ||    13
  Evoke: Wand              |       |       |     1 |       ||     1
    Use: Scroll            |     3 |     4 |    12 |     4 ||    23
         Potion            |       |       |     1 |       ||     1
 Armour: Robe              |    46 |    38 |    44 |       ||   128
         Steam dragon scal |       |       |   105 |    68 ||   173
  Dodge: Dodged            |    26 |    30 |    86 |    23 ||   165
  Block: Kite shield       |    36 |    27 |   182 |    59 ||   304

Table legend: (Time is in decaauts)
 A = Elapsed time spent in this place.
 B = Non-inter-level travel time spent in this place.
 C = Inter-level travel time spent in this place.
 D = Time resting spent in this place.
 E = Time spent auto-exploring this place.
 F = Levels seen in this place.
 G = Mean time per level.
                   A        B        C        D        E       F      G
               +--------+--------+--------+--------+--------+-----+--------+
         Total |   7498 |   6751 |    747 |    143 |   5346 |  13 |  576.8 |
       Dungeon |   7257 |   6530 |    727 |    143 |   5321 |  11 |  659.7 |
        Temple |     22 |      2 |     20 |      0 |      0 |   1 |   22.0 |
        Bailey |    218 |    218 |      0 |      0 |     25 |   1 |  218.0 |
               +--------+--------+--------+--------+--------+-----+--------+

Top non-repeatable levels by time:
    D:10: 1013 daAuts
     D:7: 875 daAuts
     D:3: 865 daAuts
     D:9: 802 daAuts
     D:5: 798 daAuts
     D:8: 683 daAuts
     D:6: 676 daAuts
     D:4: 583 daAuts
     D:2: 516 daAuts
     D:1: 409 daAuts
  Bailey: 218 daAuts
    D:11: 33 daAuts
  Temple: 22 daAuts
